Map: Oxide LE

Players

Molten - Winner!

  • Race: Protoss Protoss
  • League: Grandmaster
  • Spawn Location: 7:00

OpTiMiStC

  • Race: Protoss Protoss
  • League: Master
  • Spawn Location: 1:00

VOD

Have the link to the VOD?

Description

Time

  • Played on: Oct. 9, 2020, 12:06 p.m.
  • Length: 7:05
Show
View Real Time Build Order
Export as new Build Order

Molten Protoss - Winner!

Build Orders: Phoenix Opening 

Get SALT Encoding   

  12  0:00  Probe  
  13  0:12  Probe  
  14  0:19  Pylon  
  14  0:24  Probe  
  15  0:32  Pylon  
  15  0:37  Probe (Chrono Boost)  
  15  0:41  Unknown  
  16  0:46  Probe (Chrono Boost)  
  17  0:51  Gateway  
  17  0:54  Probe  
  18  1:00  Assimilator  
  18  1:07  Assimilator  
  18  1:08  Probe  
  19  1:20  Probe  
  21  1:32  Probe  
  21  1:36  Zealot (Chrono Boost)  
  23  1:44  Cybernetics Core  
  23  1:45  Probe  
  24  1:57  Probe  
  25  2:16  Nexus  
  25  2:23  Robotics Facility  
  25  2:43  Stargate  
  22  2:45  Probe  
  23  2:53  Pylon  
  23  3:04  Pylon  
  24  3:09  Immortal (Chrono Boost)  
  27  3:20  Void Ray (Chrono Boost)  
  27  3:25  Shield Battery  
  31  3:36  Pylon  
  31  3:57  Phoenix (Chrono Boost)  
  31  4:02  Immortal (Chrono Boost)  
  37  4:12  Probe  
  37  4:14  Shield Battery  
  38  4:26  Shield Battery  
  38  4:31  Void Ray  
  37  4:55  Immortal (Chrono Boost)  
  37  4:59  Probe  
  42  5:06  Probe  
  43  5:22  Shield Battery  
  43  5:23  Shield Battery  
  43  5:25  Pylon  
  43  5:27  Pylon  
  43  5:32  Observer (Chrono Boost)  
  42  5:44  Probe  
  42  5:45  Immortal (Chrono Boost), Void Ray  
  47  5:59  Probe x2  
  47  6:02  Pylon  
  49  6:11  Probe x2  
  51  6:23  Probe x2  
  51  6:25  Immortal (Chrono Boost)  
  57  6:35  Shield Battery  
  57  6:37  Shield Battery  
  61  6:48  Pylon  
  61  6:59  Pylon  
Show
View Real Time Build Order
Export as new Build Order

OpTiMiStC Protoss 

Build Orders: Blink Stalkers 

Get SALT Encoding   

  12  0:00  Probe  
  13  0:12  Probe  
  14  0:17  Pylon  
  14  0:24  Probe (Chrono Boost)  
  16  0:37  Probe (Chrono Boost)  
  16  0:38  Gateway  
  16  0:42  Probe (Chrono Boost)  
  16  0:46  Assimilator  
  17  0:52  Probe  
  17  0:54  Assimilator  
  18  1:04  Probe (Chrono Boost)  
  19  1:12  Gateway  
  19  1:15  Probe (Chrono Boost)  
  20  1:20  Probe (Chrono Boost)  
  21  1:30  Cybernetics Core  
  22  1:34  Pylon  
  22  1:43  Zealot  
  23  1:52  Probe  
  24  2:06  Stalker  
  26  2:10  Stalker  
  28  2:22  Probe  
  28  2:25  Warp Gate (Chrono Boost)  
  28  2:32  Pylon  
  28  2:34  Probe  
  29  2:40  Twilight Council  
  29  2:49  Pylon  
  29  2:54  Stalker  
  31  3:01  Stalker  
  33  3:16  Gateway  
  33  3:17  Blink (Chrono Boost)  
  33  3:39  Pylon  
  33  3:43  Shield Battery  
  31  4:07  Adept x2, Gateway  
  35  4:11  Stalker  
  37  4:34  Stalker x3  
  37  5:00  Stalker x3  
  43  5:12  Stalker  
  45  5:23  Stalker x2  
  45  5:24  Stalker  
  45  5:43  Probe  
  46  5:54  Dark Shrine  
  46  5:58  Stalker x2  
  46  6:03  Pylon  
  46  6:26  Nexus  
Tags
 
Composition
Blink Stalkers
Matchup
PvP
Spawn Locations
Cross Positions
Add a new tag
Caveats
  • Supply blocks, unpowered buildings, or Contaminate may cause inaccurate times.
  • Supply counts are checked every 10 seconds.